 Dungeon Crawl Stone Soup version 0.32-a0-132-g2d33c3cfaf (webtiles) character file.

Game seed: 9582003657120160791

38984 Asceticacid the Blocker (level 14, -3/113 HPs)
             Began as a Gnoll Fighter on Feb 9, 2024.
             Was an Elder of Okawaru.
             Slain by a white ugly thing (28 damage)
             ... on level 12 of the Dungeon.
             The game lasted 00:29:52 (17974 turns).

Asceticacid the Blocker (Gnoll Fighter)            Turns: 17974, Time: 00:29:53

Health: -3/113     AC: 20    Str: 25    XL:     14   Next: 4%
Magic:  20/27      EV: 19    Int:  8    God:    Okawaru [****..]
Gold:   1279       SH:  0    Dex: 18    Spells: 28/31 levels left

rFire   + . .        b - +1 whip (elec)
rCold   . . .        (no shield)
rNeg    . . .        g - +6 scale mail "Udyiboqe" {Fly}
rPois   .            (no helmet)
rElec   .            (no cloak)
rCorr   .            e - +0 pair of gloves
SInv    .            (no boots)
Will    ++...        r - amulet of the acrobat
Stlth   +++++        k - ring of Plog {Will+ Str+3}
HPRegen 0.38/turn    D - +6 ring of strength
MPRegen 0.20/turn

%: acrobat
@: heroic, finesse-ful, flying
A: fangs 1, strong nose, distributed training, iridescent scales 1, agile 1,
fire resistance 1
a: Renounce Religion, Heroism, Finesse


You were on level 12 of the Dungeon.
You worshipped Okawaru.
Okawaru was greatly pleased with you.
You visited 2 branches of the dungeon, and saw 15 of its levels.

You collected 1279 gold pieces.

Inventory:

Hand Weapons
 a - the +5 woodcutter's axe
   (You took it off a gnoll on level 5 of the Dungeon)
 b - a +1 whip of electrocution (weapon)
 u - a +0 trident of flaming
 w - a +1 trident of distortion
 H - a -1 demon whip of venom
Missiles
 K - 2 javelins (quivered)
 Q - 5 atropa-tipped darts
 S - 2 datura-tipped darts
Armour
 c - a +0 buckler
 e - a +0 pair of gloves (worn)
 g - the +6 scale mail "Udyiboqe" (worn) {Fly}
   (You found it on level 2 of the Dungeon)

   Fly:       It grants you flight.
Jewellery
 k - the ring of Plog (left hand) {Will+ Str+3}
   (You found it on level 3 of the Dungeon)

   [ring of willpower]

   Str+3:     It affects your strength (+3).
   Will+:     It increases your willpower.
 r - an amulet of the acrobat (around neck)
 D - a +6 ring of strength (right hand)
 O - an amulet of regeneration
 R - an amulet of magic regeneration
Wands
 d - a wand of flame (19)
 s - a wand of polymorph (16)
 t - a wand of iceblast (36)
 v - a wand of acid (11)
 M - a wand of digging (7)
Scrolls
 f - a scroll of teleportation
 h - a scroll of blinking
 l - 2 scrolls of amnesia
 m - 3 scrolls of fog
 o - 2 scrolls of immolation
 p - 4 scrolls of noise
 q - 3 scrolls of poison
 x - 3 scrolls of revelation
 y - 4 scrolls of enchant armour
 C - a scroll of vulnerability
 F - 2 scrolls of fear {unknown}
Potions
 i - 3 potions of brilliance
 j - 7 potions of curing
 n - 3 potions of enlightenment
 z - 3 potions of magic
 A - a potion of might
 E - 2 potions of mutation
 G - 2 potions of attraction
 I - 3 potions of degeneration {unknown}
 J - a potion of ambrosia {unknown}
 L - 2 potions of haste {unknown}
 N - a potion of berserk rage {unknown}
 P - 2 potions of invisibility {unknown}


   Skills:
 + Level 11.2(16.2) Fighting
 + Level 9.2(14.2) Short Blades
 + Level 9.2(14.2) Long Blades
 + Level 9.2(14.2) Axes
 + Level 9.2(14.2) Maces & Flails
 + Level 10.3(15.3) Polearms
 + Level 9.2(14.2) Staves
 + Level 9.2(14.2) Ranged Weapons
 + Level 9.2(14.2) Throwing
 + Level 11.2(16.2) Armour
 + Level 9.2(14.2) Dodging
 + Level 9.2(14.2) Stealth
 + Level 11.2(16.2) Shields
 + Level 9.2(14.2) Unarmed Combat
 + Level 9.2 Spellcasting
 + Level 7.6 Conjurations
 + Level 7.6 Hexes
 + Level 7.6 Summonings
 + Level 7.6 Necromancy
 + Level 7.6 Translocations
 + Level 7.6 Fire Magic
 + Level 7.6 Ice Magic
 + Level 7.6 Air Magic
 + Level 7.6 Earth Magic
 + Level 7.6 Alchemy
 + Level 10.0 Invocations
 + Level 9.2 Evocations
 + Level 8.4 Shapeshifting


You had 28 spell levels left.
You knew the following spells:

 Your Spells              Type           Power      Damage    Failure   Level
a - Passwall              Erth           15%        N/A       4%          3

Your spell library contained the following spells:

 Spells                   Type           Power      Damage    Failure   Level
 Apportation              Tloc           30%        N/A       1%          1
 Necrotise                Necr           60%        1d7       1%          1
 Sandblast                Erth           30%        2d9       1%          1
 Sting                    Conj/Alch      60%        1d6       1%          1
 Dazzling Flash           Conj/Hex       30%        N/A       4%          3
 Frozen Ramparts          Ice            30%        1d5       4%          3
 Gell's Gravitas          Tloc           15%        N/A       4%          3
 Stone Arrow              Conj/Erth      30%        3d8       4%          3
 Teleport Other           Tloc           15%        N/A       4%          3
 Volatile Blastmotes      Fire/Tloc      30%        2d12      4%          3
 Brom's Barrelling Bould  Conj/Erth      15%        2d4       13%         4
 Leda's Liquefaction      Alch/Erth      7%         N/A       13%         4
 Olgreb's Toxic Radiance  Alch           15%        N/A       13%         4
 Passage of Golubria      Tloc           15%        N/A       13%         4
 Petrify                  Alch/Erth      15%        N/A       13%         4
 Alistair's Intoxication  Alch           10%        N/A       36%         5
 Borgnjor's Vile Clutch   Necr/Erth      7%         N/A       36%         5
 Metabolic Englaciation   Hex/Ice        7%         N/A       36%         5
 Yara's Violent Unravell  Hex/Alch       7%         3d5       36%         5
 Dispersal                Tloc           7%         N/A       90%         6
 Eringya's Noxious Bog    Alch           7%         4d6       90%         6
 Starburst                Conj/Fire      7%         6d4       90%         6
 Ozocubu's Refrigeration  Ice            7%         4d9       100%        7
 Discord                  Hex            7%         N/A       100%        8
 Lehudib's Crystal Spear  Conj/Erth      7%         10d3      100%        8
 Maxwell's Capacitive Co  Air            7%         ∞         100%        8
 Summon Small Mammal      Summ           Unusable   N/A       N/A         1
 Tukima's Dance           Hex            Unusable   N/A       N/A         3
 Animate Armour           Summ/Erth      Unusable   N/A       N/A         4

Dungeon Overview and Level Annotations

Branches:
Dungeon (12/15)            Temple (0/1) D:4            Lair (3/5) D:8
 Shoals (0/4) Lair:2        Snake (0/4) Lair:3          Orc (0/2) D:12

Altars:
Cheibriados
Fedhas
Gozag
Hepliaklqana
Okawaru
Qazlal
Ru
Sif Muna
Trog
Uskayaw
The Shining One

Shops:
D:11 =

Annotations:
D:9 2 transporters, Azoth's ghost, journeyman DEHu
D:12 Fannar
Lair:1 exclusion: 2 oklob plants
Lair:3 2 transporters, Nulorelyt's ghost, journeyman DsCK


Innate Abilities, Weirdness & Mutations

You have very sharp teeth.
Your uncanny sense of smell can sniff out nearby items.
Your experience applies equally to all skills.
You are partially covered in iridescent scales. (AC +2)
You are agile. (Dex +4, Str/Int -1)
Your flesh is heat resistant. (rF+)


Message History

The gargoyle hurls a stone arrow at you.
The stone arrow misses you.
You slice the gargoyle!!
You destroy the gargoyle!
Okawaru accepts your kill.
You see here a +0 morningstar.
A white ugly thing comes into view.
The white ugly thing gurgles horribly!
A white ugly thing is nearby!
A white ugly thing is nearby!
A white ugly thing is nearby!
The white ugly thing stings you! The white ugly thing freezes you!!
You hit the white ugly thing but do no damage.
The white ugly thing stings you! The white ugly thing freezes you!!
You hit the white ugly thing.
You bite the white ugly thing, but do no damage.
The white ugly thing is lightly wounded.
The white ugly thing closely misses you.
You are too injured to fight recklessly!
You gain the combat prowess of a mighty hero.
The white ugly thing completely misses you.
You can now deal lightning-fast blows.
You can no longer enter into single combat with a foe.
Okawaru will no longer gift you throwing weapons.
The white ugly thing stings you. The white ugly thing freezes you!
* * * LOW HITPOINT WARNING * * *
Okay, then.
You hear the crackle of electricity.
b - a +1 whip of electrocution (weapon)
The white ugly thing misses you.
You whack the white ugly thing!
The white ugly thing is moderately wounded.
You whack the white ugly thing!
Lightning courses through the white ugly thing!
Your bite misses the white ugly thing.
The white ugly thing is heavily wounded.
The white ugly thing stings you.
* * * LOW HITPOINT WARNING * * *
The white ugly thing freezes you!!
You die...

#.## ##.##
##..## ##.##
#....# ##.##
#....####.##
##.....##.##
#......#.##
##....)..##
#........#
#.......@##
#.......u.#
#.........#
#..........#
#...........#
##........#.#
##......###..
#.....## #..
##....# ..


You could see a white ugly thing.

Vanquished Creatures
  5 hydras
  3 boulder beetles (Lair:3)
  A death yak (Lair:3)
  3 elephants (Lair:3)
  A torpor snail (Lair:3)
  12 black mambas
  3 gargoyles
  An orange demon (D:11)
  13 cane toads
  A kobold demonologist (D:10)
  2 rime drakes (Lair:3)
  8 komodo dragons
  A troll (D:10)
  4 polar bears
  A hornet (D:9)
  8 blink frogs (Lair:3)
  2 shadows
  12 wyverns
  A human (D:11)
  2 wraiths
  47 yaks
  3 basilisks
  A steam dragon (Lair:3)
  Grum (D:11)
  6 vampire mosquitoes (D:12)
  4 acid dragons
  A naga (Lair:3)
  13 water moccasins
  2 orc warriors
  A sky beast (D:7)
  4 ice beasts
  3 black bears
  2 ogres
  11 wolves
  A centaur (D:7)
  2 phantoms
  A kobold brigand (D:7)
  18 bullfrogs
  3 scorpions
  A gnoll sergeant (D:11)
  17 killer bees
  6 howler monkeys
  3 bombardier beetles
  4 hounds
  2 jellies
  11 orc priests
  A sleepcap (D:5)
  A gnoll bouda (D:5)
  Terence (D:2)
  5 orc wizards
  A hell rat (Lair:3)
  8 adders
  20 gnolls
  3 shadow imps (D:6)
  3 white imps
  3 ribbon worms
  A dart slug (D:4)
  27 orcs
  4 ball pythons
  6 endoplasms
  4 giant cockroaches
  6 goblins
  2 hobgoblins (D:2)
  2 quokkas
  5 bats
  A frilled lizard (D:3)
  15 kobolds
  5 rats
376 creatures vanquished.

Vanquished Creatures (others)
  A wolf (Lair:3)
1 creature vanquished.

Grand Total: 377 creatures vanquished

Notes
Turn   | Place    | Note
-------+----------+-------------------------------------------
     0 | D:1      | Asceticacid the Gnoll Fighter began the quest for the Orb.
     0 | D:1      | Reached XP level 1. HP: 23/23 MP: 1/1
   606 | D:2      | Reached XP level 2. HP: 29/29 MP: 2/2
   688 | D:2      | Reached XP level 3. HP: 25/35 MP: 3/3
   760 | D:2      | Noticed Terence
   769 | D:2      | Gained mutation: You are partially covered in iridescent
                  | scales. (AC +2) [potion of mutation]
   769 | D:2      | Gained mutation: You are agile. (Dex +4, Str/Int -1)
                  | [potion of mutation]
   769 | D:2      | Gained mutation: Your flesh is heat resistant. (rF+)
                  | [potion of mutation]
   776 | D:2      | Killed Terence
   777 | D:2      | Reached skill level 1 in Short Blades
   777 | D:2      | Reached skill level 1 in Long Blades
   777 | D:2      | Reached skill level 1 in Axes
   777 | D:2      | Reached skill level 1 in Maces & Flails
   777 | D:2      | Reached skill level 1 in Staves
   777 | D:2      | Reached skill level 1 in Ranged Weapons
   777 | D:2      | Reached skill level 1 in Throwing
   777 | D:2      | Reached skill level 1 in Dodging
   777 | D:2      | Reached skill level 1 in Stealth
   777 | D:2      | Reached skill level 1 in Unarmed Combat
   777 | D:2      | Reached skill level 1 in Spellcasting
   777 | D:2      | Reached skill level 1 in Invocations
   777 | D:2      | Reached skill level 1 in Evocations
   869 | D:2      | Identified the +6 scale mail "Udyiboqe" {Fly}
   942 | D:2      | Reached skill level 1 in Shapeshifting
   942 | D:2      | Reached XP level 4. HP: 41/41 MP: 5/5
  1265 | D:2      | Reached skill level 1 in Conjurations
  1265 | D:2      | Reached skill level 1 in Hexes
  1265 | D:2      | Reached skill level 1 in Summonings
  1265 | D:2      | Reached skill level 1 in Necromancy
  1265 | D:2      | Reached skill level 1 in Translocations
  1265 | D:2      | Reached skill level 1 in Fire Magic
  1265 | D:2      | Reached skill level 1 in Ice Magic
  1265 | D:2      | Reached skill level 1 in Air Magic
  1265 | D:2      | Reached skill level 1 in Earth Magic
  1265 | D:2      | Reached skill level 1 in Alchemy
  1594 | D:3      | Reached XP level 5. HP: 46/47 MP: 7/7
  1664 | D:3      | Identified the ring of Plog {Will+ Str+3}
  1755 | D:3      | Found a stormy altar of Qazlal.
  2285 | D:4      | Found a sacrificial altar of Ru.
  2364 | D:4      | Found an iron altar of Okawaru.
  2407 | D:4      | Noticed an ogre
  2417 | D:4      | Killed an ogre
  2431 | D:4      | Became a worshipper of Warmaster Okawaru
  2584 | D:4      | Reached XP level 6. HP: 50/53 MP: 8/8
  2595 | D:4      | Found a staircase to the Ecumenical Temple.
  2664 | D:4      | Found a glowing golden altar of the Shining One.
  2721 | D:4      | Found a shimmering blue altar of Sif Muna.
  2748 | D:4      | Reached skill level 5 in Polearms
  2749 | D:4      | Got Sif Muna's Papyrus of Chrysopoeia
  2954 | D:5      | Entered Level 5 of the Dungeon
  2985 | D:5      | Noticed a black bear
  2990 | D:5      | Killed a black bear
  3059 | D:5      | Reached * piety under Okawaru
  3071 | D:5      | Reached XP level 7. HP: 59/59 MP: 10/10
  3490 | D:5      | Reached XP level 8. HP: 66/67 MP: 12/12
  4293 | D:6      | Identified the +1 robe of Pragmatism {rElec rPois rC++
                  | rCorr}
  4763 | D:7      | Reached ** piety under Okawaru
  4779 | D:7      | Reached XP level 9. HP: 60/73 MP: 14/14
  5149 | D:7      | Found an opulent altar of Gozag.
  5367 | D:7      | Reached *** piety under Okawaru
  5368 | D:7      | Reached skill level 5 in Invocations
  5927 | D:8      | HP: 1/74 [orc priest/divine providence (11)]
  6176 | D:8      | Found a staircase to the Lair.
  6204 | D:8      | Reached skill level 5 in Short Blades
  6204 | D:8      | Reached skill level 5 in Long Blades
  6204 | D:8      | Reached skill level 5 in Axes
  6204 | D:8      | Reached skill level 5 in Maces & Flails
  6204 | D:8      | Reached skill level 5 in Staves
  6204 | D:8      | Reached skill level 5 in Ranged Weapons
  6204 | D:8      | Reached skill level 5 in Throwing
  6204 | D:8      | Reached skill level 5 in Dodging
  6204 | D:8      | Reached skill level 5 in Stealth
  6204 | D:8      | Reached skill level 5 in Unarmed Combat
  6204 | D:8      | Reached skill level 5 in Spellcasting
  6204 | D:8      | Reached skill level 5 in Evocations
  6206 | D:8      | Reached XP level 10. HP: 58/81 MP: 15/17
  7004 | D:9      | Reached skill level 5 in Shapeshifting
  7181 | D:9      | Reached **** piety under Okawaru
  7266 | D:9      | Noticed Azoth's ghost (journeyman DEHu)
  7268 | D:9      | Found a snail-covered altar of Cheibriados.
  7328 | D:9      | Found a transporter.
  7347 | D:9      | Found a transporter.
  7348 | D:9      | Noticed a brown ugly thing
  7348 | D:9      | Noticed a seven-headed hydra
  7522 | D:9      | Paralysed by a hornet for 2 turns
  8029 | D:9      | Found a bloodstained altar of Trog.
  8099 | D:10     | Entered Level 10 of the Dungeon
  8479 | D:10     | Noticed a kobold demonologist
  8664 | Lair:1   | Entered Level 1 of the Lair of Beasts
  8794 | Lair:1   | Reached skill level 5 in Conjurations
  8794 | Lair:1   | Reached skill level 5 in Hexes
  8794 | Lair:1   | Reached skill level 5 in Summonings
  8794 | Lair:1   | Reached skill level 5 in Necromancy
  8794 | Lair:1   | Reached skill level 5 in Translocations
  8794 | Lair:1   | Reached skill level 5 in Fire Magic
  8794 | Lair:1   | Reached skill level 5 in Ice Magic
  8794 | Lair:1   | Reached skill level 5 in Air Magic
  8794 | Lair:1   | Reached skill level 5 in Earth Magic
  8794 | Lair:1   | Reached skill level 5 in Alchemy
  8832 | Lair:1   | Reached XP level 11. HP: 84/89 MP: 20/20
  8920 | Lair:1   | Reached ***** piety under Okawaru
  9242 | Lair:1   | Received a gift from Okawaru
  9729 | Lair:1   | Found a blossoming altar of Fedhas.
  9732 | Lair:1   | Noticed an oklob plant
  9733 | Lair:1   | Noticed an oklob plant
 10523 | Lair:2   | Found a staircase to the Shoals.
 10757 | Lair:2   | Noticed an eight-headed hydra
 10766 | Lair:2   | Killed an eight-headed hydra
 11071 | Lair:2   | Reached XP level 12. HP: 46/97 MP: 22/22
 11606 | Lair:2   | Received a gift from Okawaru
 12199 | Lair:3   | Reached skill level 10 in Fighting
 12199 | Lair:3   | Reached skill level 10 in Armour
 12199 | Lair:3   | Reached skill level 10 in Shields
 12382 | Lair:3   | Found a staircase to the Snake Pit.
 12645 | Lair:3   | Found a bloodstained altar of Trog.
 12645 | Lair:3   | Noticed Nulorelyt's ghost (journeyman DsCK)
 12664 | Lair:3   | Found a transporter.
 12667 | Lair:3   | Found a transporter.
 12827 | Lair:3   | Received a gift from Okawaru
 13370 | Lair:3   | Noticed a six-headed hydra
 13388 | Lair:3   | Killed a six-headed hydra
 13417 | Lair:3   | Noticed a six-headed hydra
 13438 | Lair:3   | Killed a six-headed hydra
 13438 | Lair:3   | Received a gift from Okawaru
 13439 | Lair:3   | Reached XP level 13. HP: 66/104 MP: 23/25
 14508 | Lair:3   | Received a gift from Okawaru
 15228 | Lair:3   | Reached skill level 10 in Polearms
 15567 | Lair:3   | Learned a level 3 spell: Passwall
 16545 | D:10     | Found a hazy altar of Hepliaklqana.
 16838 | D:11     | Found a hide-covered altar of Uskayaw.
 16841 | D:11     | Noticed Grum
 16850 | D:11     | Killed Grum
 17072 | D:11     | Upgraded the game from 0.32-a0-131-g9dbbe29261 to
                  | 0.32-a0-132-g2d33c3cfaf
 17126 | D:11     | Found Axtour's Jewellery Boutique.
 17285 | D:11     | Noticed Amaemon
 17316 | D:11     | Amaemon changed into Amaemon the human
 17316 | D:11     | Noticed Amaemon
 17323 | D:11     | Killed Amaemon the human
 17602 | D:12     | Reached XP level 14. HP: 104/113 MP: 27/27
 17654 | D:12     | Found a staircase to the Orcish Mines.
 17654 | D:12     | Noticed Fannar
 17722 | D:12     | Reached skill level 10 in Invocations
 17974 | D:12     | Slain by a white ugly thing

Illustrated notes

Levels and vault maps discovered:
D:1:      nzn_arrival_depleted_hourglass, layout_loops_ring
D:2:      layout_loops_ring, serial_glass, glass_columns_c, glass_columns_a,
          serial_bayou_pond_e, st_stairs_10, kennysheep_generic_room_14,
          uniq_terence
D:3:      layout_basic, mainiacjoe_overflow_brackets, serial_rivers,
          chequers_serial_rivers_micro_d, chequers_serial_rivers_micro_e,
          chequers_serial_rivers_small_b, chequers_serial_rivers_large_a,
          chequers_serial_rivers_micro_b
D:4:      layout_gridville, okawaru_trees_1, led_sif_book,
          mainiacjoe_overflow_six_doors_small, nicolae_overflow_hidden_temple,
          minmay_temple_entry_gardened_gates
D:5:      layout_basic, pf_guarded_unrand_woodcutter
D:6:      layout_cave_pods
D:7:      layout_loops_ring, grunt_gozag_breadcrumbs,
          hangedman_abyss_or_decor_lesser_grid, minmay_unpleasant_kobolds
D:8:      layout_loops_corners, erik_lair_orcish_takeover
D:9:      layout_small_grid, mainiacjoe_overflow_alcove_1,
          mainiacjoe_overflow_alcove_4, nzn_ghost_randoct
D:10:     layout_cave_pods, lemuel_doored_altar, kennysheep_cross_room,
          hangedman_abyss_or_decor_stagger, hex_tiny
D:11:     layout_gridville, serial_shops,
          nicolae_shop_temple_entry_statues_fountains,
          nicolae_uskayaw_dance_hall, uniq_amaemon, uniq_grum
D:12:     layout_cave_pods, orc_0_dummy, uniq_fannar
Lair:1:   layout_regular_city, hangedman_tree_tricks
Lair:2:   layout_layer_cave, elwin_shoals_entry_rocks, grunt_megastairs_4
Lair:3:   nzn_winding_woodlands_huge [nzn_winding_woodlands_5x15_zeroes,
          nzn_winding_woodlands_5x15_sidewinder,
          nzn_winding_woodlands_5x15_lazy_stream,
          nzn_winding_woodlands_5x15_twine, nzn_winding_woodlands_5x15_cabin,
          nzn_winding_woodlands_5x15_pockets,
          nzn_winding_woodlands_5x15_sawtooth,
          nzn_winding_woodlands_5x15_river_crossing,
          nzn_winding_woodlands_5x15_concentric,
          nzn_winding_woodlands_5x15_garden,
          nzn_winding_woodlands_center_pierced_h,
          nzn_winding_woodlands_center_garden,
          nzn_winding_woodlands_15x15_killbox], layout_misc_corridors,
          guppyfry_snake_entry_garden, gammafunk_ghost_wrathful_warriors

Skill      XL: |  1  2  3  4  5  6  7  8  9 10 11 12 13 14 |
---------------+-------------------------------------------+-----
Short Blades   | 1 2 3 5 6 7 8 9 |  9.2
Long Blades    | 1 2 3 5 6 7 8 9 |  9.2
Axes           | 1 2 3 5 6 7 8 9 |  9.2
Maces & Flails | 1 2 3 5 6 7 8 9 |  9.2
Staves         | 1 2 3 5 6 7 8 9 |  9.2
Ranged Weapons | 1 2 3 5 6 7 8 9 |  9.2
Throwing       | 1 2 3 5 6 7 8 9 |  9.2
Dodging        | 1 2 3 5 6 7 8 9 |  9.2
Stealth        | 1 2 3 5 6 7 8 9 |  9.2
Unarmed Combat | 1 2 3 5 6 7 8 9 |  9.2
Spellcasting   | 1 2 3 5 6 7 8 9 |  9.2
Invocations    | 1 2 3 4 5 6 7 8 9 10 | 10.0
Evocations     | 1 2 3 5 6 7 8 9 |  9.2
Shapeshifting  | 1 2 3 4 5 6 7 8 |  8.4
Conjurations   | 1 2 3 4 5 6 7 |  7.6
Hexes          | 1 2 3 4 5 6 7 |  7.6
Summonings     | 1 2 3 4 5 6 7 |  7.6
Necromancy     | 1 2 3 4 5 6 7 |  7.6
Translocations | 1 2 3 4 5 6 7 |  7.6
Fire Magic     | 1 2 3 4 5 6 7 |  7.6
Ice Magic      | 1 2 3 4 5 6 7 |  7.6
Air Magic      | 1 2 3 4 5 6 7 |  7.6
Earth Magic    | 1 2 3 4 5 6 7 |  7.6
Alchemy        | 1 2 3 4 5 6 7 |  7.6
Polearms       | 5 6 7 8 9 10 | 10.3
Fighting       | 7 8 9 10 11 | 11.2
Armour         | 7 8 9 10 11 | 11.2
Shields        | 7 8 9 10 11 | 11.2

Action                     |  1- 3 |  4- 6 |  7- 9 | 10-12 | 13-15 || total
---------------------------+-------+-------+-------+-------+-------++-------
  Melee: Trident           |    45 |   142 |   165 |       |       ||   352
         Bite              |       |    11 |    35 |    89 |    65 ||   200
         Battleaxe         |       |       |   190 |   354 |   144 ||   688
         Whip              |       |       |       |   204 |   265 ||   469
         Punch             |       |       |       |    11 |    35 ||    46
  Throw: Throwing net      |       |       |       |     2 |       ||     2
         Javelin           |       |       |       |     5 |     3 ||     8
   Cast: Passwall          |       |       |       |       |     3 ||     3
 Invoke: Heroism           |       |       |     8 |    11 |    11 ||    30
         Finesse           |       |       |       |       |     4 ||     4
  Evoke: Wand              |       |     3 |     4 |     1 |     6 ||    14
    Use: Scroll            |     4 |     4 |     8 |       |     4 ||    20
         Potion            |     2 |       |     1 |     2 |     2 ||     7
   Stab: Sleeping          |       |       |     1 |    10 |     4 ||    15
         Distracted        |       |       |       |     1 |     2 ||     3
         Held in net/web   |       |       |       |     2 |       ||     2
 Armour: Scale mail        |    21 |    66 |   218 |   347 |   206 ||   858
  Dodge: Dodged            |    14 |    47 |   214 |   405 |   258 ||   938
  Block: Buckler           |     4 |    32 |    45 |       |       ||    81

Table legend: (Time is in decaauts)
 A = Elapsed time spent in this place.
 B = Non-inter-level travel time spent in this place.
 C = Inter-level travel time spent in this place.
 D = Time resting spent in this place.
 E = Time spent auto-exploring this place.
 F = Levels seen in this place.
 G = Mean time per level.
                   A        B        C        D        E       F      G
               +--------+--------+--------+--------+--------+-----+--------+
         Total |  17762 |  17091 |    671 |   2793 |  11139 |  15 | 1184.1 |
       Dungeon |  10516 |  10010 |    506 |    596 |   7500 |  12 |  876.3 |
          Lair |   7246 |   7081 |    165 |   2197 |   3639 |   3 | 2415.3 |
               +--------+--------+--------+--------+--------+-----+--------+

Top non-repeatable levels by time:
  Lair:3: 3415 daAuts
  Lair:2: 2283 daAuts
  Lair:1: 1546 daAuts
     D:8: 1378 daAuts
    D:10: 1179 daAuts
     D:9: 1149 daAuts
     D:5: 1010 daAuts
     D:7: 899 daAuts
     D:3: 883 daAuts
     D:6: 788 daAuts
     D:2: 777 daAuts
    D:11: 735 daAuts
     D:4: 705 daAuts
     D:1: 604 daAuts
    D:12: 403 daAuts
